 Dungeon Crawl Stone Soup version 0.23-a0-676-g03697e9 (webtiles) character file.

643 Blackhawk the Skirmisher (level 7, 0/55 HPs)
             Began as a Demonspawn Fighter on Jan 9, 2019.
             Was a Follower of Okawaru.
             Slain by Prince Ribbit (14 damage)
             ... on level 5 of the Dungeon.
             The game lasted 00:06:27 (4173 turns).

Blackhawk the Skirmisher (Demonspawn Fighter)       Turns: 4173, Time: 00:06:27

Health: 0/55       AC: 10    Str: 18    XL:     7   Next: 26%
Magic:  7/7        EV:  7    Int: 10    God:    Okawaru [*.....]
Gold:   199        SH:  9    Dex: 12    Spells: 6/6 levels left

rFire    . . .     SeeInvis .   a - +0 war axe
rCold    . . .     Gourm    .   c - +0 shield
rNeg     . . .     Faith    .   b - +0 scale mail
rPois    .         Spirit   .   (no helmet)
rElec    .         Reflect  .   w - scarf {repulsion}
rCorr    .         Harm     .   q - +0 pair of gloves
MR       +....                  (boots unavailable)
Stlth    ..........             (no amulet)
HPRegen  0.18/turn              x - ring of protection from magic
MPRegen  0.10/turn              (no ring)

@: repel missiles
A: talons 3, molten scales 1
a: Heroism, Renounce Religion


You were on level 5 of the Dungeon.
You worshipped Okawaru.
Okawaru was aware of your devotion.
You were very hungry.

You visited 1 branch of the dungeon, and saw 5 of its levels.

You collected 199 gold pieces.

Inventory:

Hand Weapons
 a - a +0 war axe (weapon)
Missiles
 s - a throwing net (quivered)
Armour
 b - a +0 scale mail (worn)
 c - a +0 shield (worn)
 g - a +0 pair of boots
 q - a +0 pair of gloves (worn)
 w - a scarf of repulsion (worn)
Jewellery
 x - a ring of protection from magic (left hand)
Wands
 y - a wand of digging (6)
Scrolls
 h - 5 scrolls of remove curse
 o - 2 scrolls of teleportation
 r - a scroll of fog {unknown}
 t - a scroll of random uselessness {unknown}
 z - a scroll of identify
Potions
 d - 2 potions of might
 e - 3 potions of haste
 i - a potion of berserk rage
 j - a potion of heal wounds
 k - a potion of cancellation {unknown}
 l - a potion of brilliance
 m - a potion of mutation {unknown}
 n - a potion of curing {unknown}
 p - 2 potions of flight
 u - 2 potions of degeneration {unknown}
 v - a potion of ambrosia {unknown}
Comestibles
 f - 6 rations


   Skills:
 + Level 4.9 Fighting
 + Level 3.9 Axes
 + Level 4.5 Armour
 + Level 4.4 Shields


You had 6 spell levels left.
You didn't know any spells.
Your spell library was empty.

Dungeon Overview and Level Annotations

Branches:
Dungeon (5/15)             Temple (0/1) D:4

Altars:
Ashenzari
Fedhas
Hepliaklqana
Nemelex Xobeh
Okawaru
Ru
Wu Jian
Xom
Zin

Shops:
D:5 *

Annotations:
D:5 Prince Ribbit


Innate Abilities, Weirdness & Mutations

You have claws for feet.
You are partially covered in molten scales. (AC +2)


Message History

You closely miss Prince Ribbit.
Prince Ribbit is moderately wounded.
Prince Ribbit hits you!
* * * LOW HITPOINT WARNING * * *
You block Prince Ribbit's attack.
You feel much better. Prince Ribbit closely misses you. Prince Ribbit hits you.
You closely miss Prince Ribbit. Your kick misses Prince Ribbit.
Prince Ribbit is moderately wounded.
Prince Ribbit hits you.
* * * LOW HITPOINT WARNING * * *
You slash Prince Ribbit! Your kick misses Prince Ribbit.
Prince Ribbit is heavily wounded.
Prince Ribbit hits you but does no damage.
Prince Ribbit catches a mouse with his tongue.
Prince Ribbit hits you.
* * * LOW HITPOINT WARNING * * *
You miss Prince Ribbit. Your kick misses Prince Ribbit.
Prince Ribbit is heavily wounded.
You block Prince Ribbit's attack. Prince Ribbit hits you!
You die...

#o# #.# #.# #.# ##
## #.# ###.# ##.#
##.# ...>###.#
...# #..#..# ####
#.#.#.###.#
#.....@F..#
#[###.############
# #.#
#.......)....#
###########.#
############.#
....).....#.# #.#
#########.#.# #.#
# #.#.## #.# ####
#....########
#.###...
#..#.<.......
#.......


You could see Prince Ribbit.

Vanquished Creatures
  A necrophage (D:5)
  An ogre (D:4)
  A centaur (D:5)
  A water moccasin skeleton (D:5)
  A howler monkey (D:4)
  An iguana (D:4)
  4 worker ants
  6 adders
  4 gnolls
  An ooze (D:3)
  3 worms
  2 dart slugs (D:1)
  3 leopard geckos (D:3)
  11 orcs
  2 ball pythons (D:3)
  7 bats
  6 giant cockroaches
  8 goblins
  A hobgoblin (D:2)
  2 jackals (D:1)
  4 frilled lizards
  6 kobolds
  A leopard gecko skeleton (D:4)
  2 rats (D:2)
79 creatures vanquished.

Notes
Turn   | Place    | Note
-------+----------+-------------------------------------------
     0 | D:1      | Blackhawk the Demonspawn Fighter began the quest for the
                  | Orb.
     0 | D:1      | Reached XP level 1. HP: 18/18 MP: 1/1
   118 | D:1      | Gained mutation: You have sharp toenails. [demonic
                  | ancestry]
   118 | D:1      | Reached XP level 2. HP: 20/24 MP: 2/2
   425 | D:1      | Gained mutation: You have razor-sharp toenails. [demonic
                  | ancestry]
   425 | D:1      | Reached XP level 3. HP: 25/29 MP: 3/3
  1350 | D:3      | Gained mutation: You are partially covered in molten
                  | scales. (AC +2) [demonic ancestry]
  1350 | D:3      | Reached XP level 4. HP: 24/35 MP: 4/4
  2089 | D:4      | Found a shimmering altar of Xom.
  2105 | D:4      | Reached XP level 5. HP: 36/42 MP: 5/5
  2195 | D:4      | Found an ornate altar of the Wu Jian Council.
  2216 | D:4      | Found a blossoming altar of Fedhas.
  2216 | D:4      | Found an iron altar of Okawaru.
  2216 | D:4      | Found a hazy altar of Hepliaklqana.
  2216 | D:4      | Found a shattered altar of Ashenzari.
  2217 | D:4      | Found a sparkling altar of Nemelex Xobeh.
  2218 | D:4      | Found a glowing silver altar of Zin.
  2221 | D:4      | Found a sacrificial altar of Ru.
  2226 | D:4      | Became a worshipper of Warmaster Okawaru
  2297 | D:4      | Noticed an ogre
  2643 | D:4      | Killed an ogre
  2988 | D:4      | Reached XP level 6. HP: 46/48 MP: 6/6
  3036 | D:4      | Found a staircase to the Ecumenical Temple.
  3402 | D:5      | Entered Level 5 of the Dungeon
  3510 | D:5      | Reached * piety under Okawaru
  3572 | D:5      | Found Cutotirgh's General Store.
  3737 | D:5      | Gained mutation: You have claws for feet. [demonic
                  | ancestry]
  3737 | D:5      | Reached XP level 7. HP: 46/55 MP: 7/7
  3791 | D:5      | Noticed Prince Ribbit
  4173 | D:5      | Slain by Prince Ribbit

Vault maps used:
D:1:      dpeg_arrival_short_road
D:4:      minitemple, minmay_temple_entry_glassed_door, first_ration,
          grunt_decor_clamped
D:5:      serial_shops, shop, kennysheep_generic_room_15, uniq_prince_ribbit1,
          uniq_edmund

Skill      XL: |  1  2  3  4  5  6 |
---------------+-------------------+-----
Axes           | 2 3 |  3.9
Shields        | 3 4 |  4.4
Armour         | 3 4 |  4.5
Fighting       | 4 |  4.9

Action                   |  1- 3 |  4- 6 |  7- 9 || total
-------------------------+-------+-------+-------++-------
Melee: War axe           |    96 |   164 |    31 ||   291
       Kick              |     4 |       |     7 ||    11
  Use: Scroll            |       |     6 |       ||     6
       Potion            |       |     1 |     1 ||     2
  Eat: Chunk             |     1 |     5 |       ||     6
       Ration            |       |     1 |       ||     1
Armor: Scale mail        |    76 |    77 |    11 ||   164
Dodge: Dodged            |    45 |    43 |     9 ||    97
Block: Shield            |    75 |    78 |    12 ||   165

Table legend:
 A = Non-vault XP
 B = Vault XP
 C = Vault XP percentage of total XP
 D = Non-vault monster count
 E = Vault monster count
 F = Vault count percentage of total count
                 A         B        C        D         E       F
            +---------+---------+-------+---------+---------+-------
      Total |     919 |       0 |   0.0 |      79 |       0 |   0.0
            +---------+---------+-------+---------+---------+-------
        D:1 |      44 |       0 |   0.0 |      15 |       0 |   0.0
        D:2 |      22 |       0 |   0.0 |      14 |       0 |   0.0
        D:3 |     109 |       0 |   0.0 |      24 |       0 |   0.0
        D:4 |     342 |       0 |   0.0 |      15 |       0 |   0.0
        D:5 |     402 |       0 |   0.0 |      11 |       0 |   0.0
            +---------+---------+-------+---------+---------+-------
